 Dungeon Crawl Stone Soup version 0.31.0-11-ge490571c62 (webtiles) character file.

Game seed: 5021823169727313369

13 Goblin1989 the Sneak (level 2, -2/24 HPs)
             Began as a Demonspawn Delver on Feb 4, 2024.
             Slain by a gnoll
             ... wielding a +0 flail
              (9 damage)
             ... on level 1 of the Dungeon.
             The game lasted 00:05:57 (465 turns).

Goblin1989 the Sneak (Demonspawn Delver)             Turns: 465, Time: 00:05:57

Health: -2/24      AC:  3    Str: 12    XL:     2   Next: 24%
Magic:  2/2        EV: 11    Int: 10    God:
Gold:   20         SH:  0    Dex: 14    Spells: 1/1 levels left

rFire   . . .        a - +0 mace
rCold   . . .        (no shield)
rNeg    . . .        b - +0 leather armour
rPois   .            (no helmet)
rElec   .            (no cloak)
rCorr   .            (no gloves)
SInv    .            (no boots)
Will    .....        (no amulet)
Stlth   ++           (no ring)
HPRegen 0.24/turn    (no ring)
MPRegen 0.08/turn

%: no passive effects
@: no status effects
A: weakness stinger 1
a: no special abilities


You were on level 1 of the Dungeon.
You visited 1 branch of the dungeon, and saw 5 of its levels.

You collected 44 gold pieces.
You spent 24 gold pieces at shops.

Inventory:

Hand Weapons
 a - a +0 mace (weapon)
Missiles
 h - 10 stones (quivered)
Armour
 b - a +0 leather armour (worn)
Jewellery
 k - a ring of wizardry
Wands
 g - a wand of digging (3) {@v3}
Scrolls
 c - a scroll of fog
 d - a scroll of revelation
 e - a scroll of fear
 i - a scroll of acquirement {unknown}
 j - a scroll of enchant weapon {unknown}
 l - a scroll of identify {@r1}
Potions
 f - a potion of haste {@q3,}


   Skills:
 - Level 3.0 Fighting
 + Level 2.7 Maces & Flails
 - Level 1.7 Dodging
 - Level 4.5 Stealth


You had one spell level left.
You didn't know any spells.
Your spell library was empty.

Dungeon Overview and Level Annotations

Branches:
Dungeon (5/15) Zot: 26975
 Temple: D:4-7

Altars:

Shops:
D:3 ?

Annotations:
D:4 exclusion: bombardier beetle


Innate Abilities, Weirdness & Mutations

You have a small tail.


Message History

You hit the quokka.
You kill the quokka!
You start resting.
HP restored.
Health restored: 24 A kobold comes into view.
It is wielding a +0 short sword.
The kobold shouts!
The kobold hits you but does no damage.
You hit the kobold.
The kobold is heavily wounded.
The kobold barely misses you.
You barely miss the kobold.
Your tail-slap misses the kobold.
Your punch misses the kobold.
The kobold is heavily wounded.
The kobold barely misses you.
You hit the kobold.
The kobold is severely wounded.
The kobold barely misses you. The kobold closely misses you.
You hit the kobold.
You kill the kobold!
No target in view!
Bad monster_list_colour key: strict_neutral Options error: Unknown explore stop condition 'gates' (Goblin1989.rc:83) Welcome back, Goblin1989 the Demonspawn Delver.
Press ? for a list of commands and other information.
Found a stone staircase leading up.
There is a stone staircase leading up here.
You open the door.
Found 6 stones.
Found a stone staircase leading down.
There is an open door here.
h - 10 stones (gained 6)
There is a stone staircase leading down here.
There is an open door here.
There is a stone staircase leading up here.
You climb upwards.
Found a chain mail and a hand axe.
There is a stone staircase leading down here.
A goblin comes into view. It is wielding a +0 club.
You open the door.
Found 18 gold pieces.
There is an open door here.
You now have 20 gold pieces (gained 18).
There is an open door here.
You open the door.
There is an open door here.
Found a stone staircase leading up.
A frilled lizard comes into view.
Found a scroll of identify.
The frilled lizard moves out of view.
Something bites the plant.
The plant begins to die.
Something bites the plant.
There is a stone staircase leading up here.
Something bites the plant.
You climb upwards.
Found a dark potion.
There is a stone staircase leading down here.
A gnoll comes into view. It is wielding a +0 flail.
The gnoll shouts!
A gnoll is nearby!
You hit the gnoll.
Your tail-slap misses the gnoll.
The gnoll is lightly wounded.
The gnoll hits you with a +0 flail. The gnoll misses you.
You take 5 damage, and have 19/24 hp.
MASSIVE DAMAGE!!
You hit the gnoll. You tail-slap the gnoll.
The gnoll is heavily wounded.
The gnoll hits you with a +0 flail.
You take 2 damage, and have 17/24 hp.
You closely miss the gnoll.
The gnoll is heavily wounded.
The gnoll hits you with a +0 flail.
You take 5 damage, and have 12/24 hp.
MASSIVE DAMAGE!!
You hit the gnoll but do no damage.
The gnoll is moderately wounded.
The gnoll hits you with a +0 flail.
* * * LOW HITPOINT WARNING * * *
You take 5 damage, and have 7/24 hp.
MASSIVE DAMAGE!!
You closely miss the gnoll.
The gnoll is moderately wounded.
The gnoll hits you with a +0 flail.
* * * LOW HITPOINT WARNING * * *
The gnoll closely misses you.
You take 1 damage, and have 6/24 hp.
You hit the gnoll.
The gnoll is heavily wounded.
The gnoll closely misses you.
You hit the gnoll but do no damage.
The gnoll is heavily wounded.
The gnoll closely misses you.
You barely miss the gnoll.
The gnoll is heavily wounded.
The gnoll misses you. The gnoll closely misses you.
You closely miss the gnoll.
The gnoll is heavily wounded.
The gnoll barely misses you.
You barely miss the gnoll. You tail-slap the gnoll.
The gnoll is severely wounded.
The gnoll barely misses you.
You hit the gnoll. You tail-slap the gnoll.
The gnoll is almost dead.
The gnoll hits you with a +0 flail!
You die...

... .. ... █! ...
█.██ .. ███ █..█
.. .....██.███
.██ █....>..█ ..█
█....███.█████..█
...... █...g@...█
██... █.██████.█
..... ...█ █


████ █.███ █. █ You could see a gnoll.

Vanquished Creatures
  2 ball pythons
  An endoplasm (D:4)
  A giant cockroach (D:3)
  A goblin (D:3)
  A hobgoblin (D:3)
  2 kobolds
  A quokka (D:3)
  A frilled lizard (D:3)
10 creatures vanquished.

Notes
Turn   | Place    | Note
-------+----------+-------------------------------------------
     0 | D:5      | Goblin1989 the Demonspawn Delver began the quest for the
                  | Orb.
     0 | D:5      | Reached XP level 1. HP: 18/18 MP: 1/1
    80 | D:4      | Noticed a bombardier beetle
   210 | D:3      | Found Qihuodicsoo's Magic Scroll Emporium.
   223 | D:3      | Bought a scroll of identify for 24 gold pieces
   231 | D:3      | Gained mutation: You have a small tail. [demonic ancestry]
   231 | D:3      | Reached XP level 2. HP: 24/24 MP: 2/2
   465 | D:1      | Slain by a gnoll

Illustrated notes

Levels and vault maps discovered:
D:1:      dpeg_arrival_round_a, layout_loops_ring
D:2:      cheibrodos_old_hovel, layout_basic, serial_rivers,
          chequers_serial_rivers_large_a, chequers_serial_rivers_room_a,
          chequers_serial_rivers_micro_d, chequers_serial_rivers_small_a,
          chequers_serial_rivers_small_3
D:3:      layout_basic, serial_shops, shop
D:4:      layout_gridville, kennysheep_mini, mainiacjoe_overflow_catwalk
D:5:      layout_gridville, chequers_decorated_corner

Skill      XL: |  1 |
---------------+----+-----
Maces & Flails | 2 |  2.7
Fighting       | |  3.0
Dodging        | |  1.7
Stealth        | |  4.5

Action                     || total
---------------------------++-------
  Melee: Mace              ||    40
         Tailslap          ||     4
   Stab: Sleeping          ||     4
 Armour: Leather armour    ||    27
  Dodge: Dodged            ||    21
